 Dungeon Crawl Stone Soup version 0.29.1-2-gbd0b4ee654 (webtiles) character file.

Game seed: 5132147653881968978

369449 mortz the Devastator (level 23, 0/103 HPs)
             Began as a Kobold Earth Elementalist on Oct 22, 2022.
             Was the Champion of Hepliaklqana.
             Killed from afar by a frost giant (14 damage)
             ... with a bolt of cold
             ... on level 1 of the Depths on Oct 25, 2022.
             The game lasted 08:17:41 (73206 turns).

mortz the Devastator (Kobold Earth Elementalist)   Turns: 73206, Time: 08:17:41

Health: 0/103      AC: 30    Str:  5    XL:     23   Next: 68%
Magic:  59/64      EV: 12    Int: 30    God:    Hepliaklqana [******]
Gold:   4303       SH: 14    Dex: 17    Spells: 23/60 levels left

rFire   + . .      SeeInvis .   b - +11 lance "Wyrmbane" {slay drac, rPois rF+ rC+ AC+3}
rCold   + . .      Faith    +   P - +3 kite shield {AC+3}
rNeg    . . .      Spirit   .   R - quicksilver dragon scales
rPois   +          Reflect  .   k - +2 helmet
rElec   +          Harm     .   i - +2 cloak {rPois}
rCorr   .          Rampage  ∞   h - +1 pair of gloves of Wiyzawk {*Slow rElec Int+4}
Will    ++...                   L - +3 pair of seven-league boots {Rampage+∞}
Stlth   +++++.....              X - amulet "Ludiberch" {Faith rElec Regen+}
HPRegen 1.07/turn               J - ring of magical power
MPRegen 0.39/turn               z - ring of magical power

@: about to teleport, hasted, studying 2 skills, very quick
A: reduced essence, small, no large weapons, nightstalker 3
}: 2/15 runes: decaying, gossamer
a: Renounce Religion, Recall Ancestor, Ancestor Identity, Transference, Idealise


You were on level 1 of the Depths.
You worshipped Hepliaklqana.
Hepliaklqana was exalted by your worship.
You visited 9 branches of the dungeon, and saw 39 of its levels.
You visited 1 bazaar.
You also visited: Gauntlet.

You collected 7053 gold pieces.
You spent 2750 gold pieces at shops.

Inventory:

Hand Weapons
 a - the +10 falchion of Frustration {spect, Str+6 Int+4}
   (You found it on level 8 of the Dungeon)

   When its wielder attacks, the weapon's spirit leaps out and strikes again.
   The spirit shares a part of any damage it takes with its wielder.
   Str:       It affects your strength (+6).
   Int:       It affects your intelligence (+4).
 b - the +11 lance "Wyrmbane" (weapon) {slay drac, rPois rF+ rC+ AC+3}
   (You found it in a Gauntlet)

   It inflicts extra damage against dragons and draconians.
   AC:        It affects your AC (+3).
   rF:        It protects you from fire.
   rC:        It protects you from cold.
   rPois:     It protects you from poison.
 c - the +9 trident of Evisceration {venom, rF+ Str+3}
   (You found it on level 3 of the Vaults)

   It poisons the flesh of those it strikes.
   Str:       It affects your strength (+3).
   rF:        It protects you from fire.
 V - the +6 short sword "Rizxipej" {freeze, *Corrode Fly rElec rN+}
   (You found it on level 11 of the Dungeon)

   It freezes those it strikes, dealing additional cold damage.
   It can also slow down cold-blooded creatures.
   rElec:     It insulates you from electricity.
   rN:        It protects you from negative energy.
   Fly:       It grants you flight.
   *Corrode:  It may corrode you when you take damage.
Armour
 h - the +1 pair of gloves of Wiyzawk (worn) {*Slow rElec Int+4}
   (You found it on level 2 of the Dungeon)

   Int:       It affects your intelligence (+4).
   rElec:     It insulates you from electricity.
   *Slow:     It may slow you when you take damage.
 i - a +2 cloak of poison resistance (worn)
 k - a +2 helmet (worn)
 m - a +3 scale mail of fire resistance
 x - a +3 troll leather armour {Snorg}
 F - the +1 chain mail of Dishonesty {rElec rF+ rC+}
   (You bought it in a shop on level 3 of the Vaults)

   rF:        It protects you from fire.
   rC:        It protects you from cold.
   rElec:     It insulates you from electricity.
 L - the +3 pair of seven-league boots (worn) {Rampage+∞}
   (You acquired it on level 14 of the Dungeon)

   Its wearer moves as far as possible in that direction when moving towards
   enemies.
 O - the +2 robe of Demonic Music {rN+}
   (You found it on level 5 of the Lair of Beasts)

   rN:        It protects you from negative energy.
 P - a +3 kite shield of protection (worn)
 R - quicksilver dragon scales (worn)
Jewellery
 f - a ring of willpower
 g - an amulet of magic regeneration
 l - a ring of protection from fire
 r - a ring of resist corrosion
 w - a +4 ring of protection
 y - a +4 ring of protection
 z - a ring of magical power (right hand)
 B - a ring of positive energy
 J - a ring of magical power (left hand)
 Q - the ring "Idepham" {*Slow rC+ EV+4 Dex+4 SInv}
   (You took it off a deep elf high priest on level 3 of the Elven Halls)

   [ring of evasion]

   EV:        It affects your evasion (+4).
   Dex:       It affects your dexterity (+4).
   rC:        It protects you from cold.
   SInv:      It lets you see invisible.
   *Slow:     It may slow you when you take damage.
 X - the amulet "Ludiberch" (around neck) {Faith rElec Regen+}
   (You took it off a gnoll on level 8 of the Dungeon)

   [amulet of faith]

   It allows you to gain divine favour quickly.
   rElec:     It insulates you from electricity.
   Regen:     It increases your rate of health regeneration.
Wands
 u - a wand of polymorph (5)
 H - a wand of light (5)
 I - a wand of mindburst (32)
 S - a wand of charming (27)
 U - a wand of flame (51)
 Z - a wand of roots (30)
Scrolls
 e - 5 scrolls of fog
 j - 3 scrolls of magic mapping
 p - 6 scrolls of blinking
 q - 5 scrolls of enchant weapon
 s - 5 scrolls of amnesia
 t - 11 scrolls of teleportation
 C - 3 scrolls of summoning
 M - 3 scrolls of poison
Potions
 d - 12 potions of brilliance
 n - 22 potions of curing
 o - 9 potions of lignification
 v - 5 potions of mutation
 A - 2 potions of magic
 D - 7 potions of cancellation
 E - 7 potions of attraction
 G - 3 potions of resistance
 K - 5 potions of invisibility
 N - 6 potions of haste
 T - 2 potions of heal wounds
 W - 2 potions of flight
 Y - 9 potions of ambrosia


   Skills:
 + Level 3.6 Fighting
 + Level 2.0(4.3) Short Blades
 + Level 3.7(3.8) Long Blades
 - Level 12.0 Polearms
 + Level 6.0 Armour
 + Level 7.2 Dodging
 + Level 10.1 Stealth
 + Level 7.0 Shields
 + Level 19.0 Spellcasting
 * Level 19.0 Conjurations
 + Level 7.6 Translocations
 + Level 1.2 Transmutations
 * Level 8.3 Fire Magic
 + Level 5.3 Air Magic
 + Level 18.6 Earth Magic
 * Level 7.2 Poison Magic
 + Level 0.8 Evocations


You had 23 spell levels left.
You knew the following spells:

 Your Spells              Type           Power      Damage    Failure   Level
a - Sandblast             Erth           100%       2d20      0%          1
b - Iskenderun's Battles  Conj           97%        2d14      1%          5
c - Swiftness             Air            57%        N/A       7%          3
f - Fireball              Conj/Fire      42%        3d17      2%          5
h - Hailstorm             Conj/Ice       72%        3d15      4%          4
i - Iskenderun's Mystic   Conj/Tloc      83%        2d16      1%          4
m - Mephitic Cloud        Conj/Pois/Air  75%        N/A       1%          3
o - Orb of Destruction    Conj           48%        9d13      7%          7
p - Passwall              Tmut/Erth      60%        N/A       1%          2
s - Stone Arrow           Conj/Erth      100%       3d13      1%          3

Your spell library contained the following spells:

 Spells                   Type           Power      Damage    Failure   Level
 Magic Dart               Conj           100%       1d8       0%          1
 Searing Ray              Conj           100%       2d8       0%          2
 Foxfire                  Conj/Fire      100%       2x1d9     1%          1
 Shock                    Conj/Air       100%       1d9       1%          1
 Conjure Flame            Conj/Fire      84%        6-21      1%          3
 Dazzling Flash           Conj/Hex       100%       N/A       1%          3
 Flame Wave               Conj/Fire      84%        2d18      1%          4
 Gell's Gravitas          Tloc           65%        N/A       2%          3
 Teleport Other           Tloc           65%        N/A       2%          3
 Petrify                  Tmut/Erth      73%        N/A       3%          4
 Fulminant Prism          Conj/Hex       36%        3d18      4%          4
 Leda's Liquefaction      Hex/Erth       35%        N/A       4%          4
 Lightning Bolt           Conj/Air       40%        1d59      4%          5
 Ignite Poison            Fire/Tmut/Pois 58%        N/A       6%          3
 Olgreb's Toxic Radiance  Pois           64%        N/A       11%         4
 Inner Flame              Hex/Fire       52%        N/A       12%         3
 Spider Form              Tmut/Pois      52%        N/A       12%         3
 Starburst                Conj/Fire      42%        6d12      12%         6
 Beastly Appendage        Tmut           70%        N/A       13%         1
 Borgnjor's Vile Clutch   Necr/Erth      35%        N/A       13%         5
 Portal Projectile        Hex/Tloc       100%       N/A       14%         3
 Wereblood                Tmut           35%        N/A       21%         2
 Freeze                   Ice            100%       1d11      22%         1
 Slow                     Hex            100%       N/A       22%         1
 Freezing Cloud           Conj/Ice/Air   33%        6-21      22%         5
 Conjure Ball Lightning   Conj/Air       40%        3x3d13    22%         6
 Airstrike                Air            28%        2d(5-21)  24%         4
 Sublimation of Blood     Necr           28%        N/A       32%         2
 Statue Form              Tmut/Erth      48%        N/A       50%         6
 Call Canine Familiar     Summ           28%        N/A       54%         3
 Confusing Touch          Hex            28%        N/A       54%         3
 Frozen Ramparts          Ice            56%        1d9       54%         3
 Tukima's Dance           Hex            28%        N/A       54%         3
 Vampiric Draining        Necr           28%        2d8       54%         3
 Summon Lightning Spire   Summ/Air       44%        N/A       56%         4
 Dispersal                Tloc           32%        N/A       82%         6
 Ice Form                 Ice/Tmut       32%        N/A       86%         4
 Silence                  Hex/Air        22%        N/A       89%         5
 Cause Fear               Hex            14%        N/A       91%         4
 Blade Hands              Tmut           17%        N/A       98%         5
 Agony                    Necr           28%        N/A       99%         5
 Yara's Violent Unravell  Hex/Tmut       16%        3d8       99%         5
 Simulacrum               Ice/Necr       14%        N/A       100%        6
 Ozocubu's Refrigeration  Ice            14%        4d10      100%        7
 Summon Hydra             Summ           14%        N/A       100%        7
 Borgnjor's Revivificati  Necr           14%        N/A       100%        8
 Discord                  Hex            14%        N/A       100%        8
 Disjunction              Tloc           32%        N/A       100%        8
 Ignition                 Fire           33%        3d10      100%        8
 Necromutation            Tmut/Necr      16%        N/A       100%        8
 Chain Lightning          Conj/Air       40%        3d53      100%        9
 Death's Door             Necr           14%        N/A       100%        9
 Fire Storm               Conj/Fire      42%        8d11      100%        9
 Shatter                  Erth           48%        3d37*     100%        9


Dungeon Overview and Level Annotations

Branches:
Dungeon (15/15) Zot: 24024  Temple (1/1) D:4 Zot: 5939    Lair (5/5) D:10 Zot: 20696
  Swamp (4/4) Lair:3 Zot: 16965  Spider (4/4) Lair:3 Zot: 14942   Slime (0/5) Lair:5
    Orc (2/2) D:9 Zot: 9103     Elf (3/3) Orc:2 Zot: 10157  Vaults (4/5) D:14 Zot: 11027
  Crypt (0/3) Vaults:2     Depths (1/4) D:15 Zot: 4852 Gauntlet (visited)

Altars:
Ashenzari
Cheibriados
Dithmenos
Elyvilon
Fedhas
Gozag
Hepliaklqana
Kikubaaqudgha
Makhleb
Nemelex Xobeh
Okawaru
Qazlal
Ru
Sif Muna
Trog
Uskayaw
Vehumet
Wu Jian
Xom
Yredelemnul
Zin
The Shining One
Jiyva

Shops:
D:6 ?   D:11 (?[   D:15 :   Orc:2 =*[[   Elf:1 [   Elf:2 (   Elf:3 :
Vaults:1 ?   Vaults:3 [   Vaults:4 ==   Depths:1 *

Portals:
Trove: Vaults:4 (give horn of Geryon)

Annotations:
D:14 3 runed translucent doors
Swamp:1 exclusion: downstairs
Spider:1 3 runed translucent doors
Elf:2 3 runed translucent doors, lotum's ghost, adept DsCA
Vaults:4 2 transporters, HilariousDeathArtist's ghost, adept CeWn
Depths:1 exclusion: obsidian statue, Icepheonix32's ghost, adept MiFi


Innate Abilities, Weirdness & Mutations

Your life essence is reduced to manifest your ancestor. (-10% HP)
You are small and have problems with some larger weapons.
You are completely attuned to the shadows.


Message History

Your surroundings suddenly seem different.
You feel yourself speed up.
The frost giant gestures at you while chanting.
The bolt of cold hits you! You resist.
* * * LOW HITPOINT WARNING * * *
As you read the scroll of teleportation, it crumbles to dust.
You feel strangely unstable.
The frost giant gestures at you while chanting.
The bolt of cold hits you! You resist.
* * * LOW HITPOINT WARNING * * *
You feel much better. The frost giant casts a spell at you.
The bolt of cold hits you! You resist.
* * * LOW HITPOINT WARNING * * *
The frost giant casts a spell at you. The bolt of cold hits you!! You resist.
* * * LOW HITPOINT WARNING * * *
Blink to where?
Press: ? - help, Dir - move target
As you read the scroll of blinking, it crumbles to dust.
Your surroundings suddenly seem different.
The ynoxinul disappears in a puff of smoke!
You block the frost giant's attack.
Blink to where?
Press: ? - help, Dir - move target
As you read the scroll of blinking, it crumbles to dust.
As you read the scroll of teleportation, it crumbles to dust.
You feel strangely unstable.
Casting: Iskenderun's Mystic Blast (mildly dangerous; 1% risk of failure)
Confirm with . or Enter, or press ? or * to list all spells.
Aiming: Mephitic Cloud (safe; 1% risk of failure)
Press: ? - help, Shift-Dir - straight line, f - frost giant
Aim: a frost giant, wielding a +2 battleaxe of freezing (moderately wounded, chance to affect: 24%)
The ball explodes into a vile cloud!
The stinking cloud engulfs the frost giant but does no damage.
The frost giant is moderately wounded.
The frost giant is engulfed in noxious fumes.
The frost giant points at you and mumbles some strange words.
The bolt of cold hits you! You resist.
You die...

.........≈≈§§§≈§≈≈§≈§§§.........#
........C..§§§§≈≈≈≈§.............
.#...........§.§..§.........#...#
..........3....§............#....
............3...............##.##
..........W(#H§§...........###..#
........^.§.#§C☼.................
........G....☼§§..)......#R.....#
................@........#.....##
.....((.........(...........[...#
......>..........................
.................................
........R#...................###.
........R###'4'###.........≈.##..
........R##$$5G3##.........≈.#...
.........#!$§_$$.#.........≈.....
.........#8$$8$$8#...........#...


You could see a frost giant, a sphinx and a soul eater (summoned).

Vanquished Creatures
  Mara (Vaults:4)
  Bai Suzhen (Elf:3)
  Saint Roka (Vaults:4)
  Margery (Vaults:3)
  Nikola (Elf:3)
  A tentacled monstrosity (Swamp:4)
  2 deep elf blademasters
  A deep elf master archer (Elf:3)
  Rupert (Lair:5)
  Asterion (Vaults:3)
  Frances (D:13)
  3 sphinxes
  A tengu reaver (Vaults:3)
  Donald (Swamp:1)
  8 vault wardens
  An orc warlord (Vaults:4)
  A frost giant (Depths:1)
  A ghost moth (Spider:4)
  5 deep elf sorcerers (Elf:3)
  4 emperor scorpions (Spider:4)
  2 ghouls (Swamp:4)
  Louise (Spider:3)
  2 deep elf elementalists (Elf:3)
  6 ironbound thunderhulks
  4 very ugly things
  A stone giant (Depths:1)
  The ghost of Onwiepis the Sage, a journeyman DsIE of Sif Muna (Lair:2)
  A reaper (Depths:1)
  7 ironbound preservers
  A broodmother (Spider:3)
  7 eleionomae
  4 deep elf demonologists (Elf:3)
  An entropy weaver (Spider:4)
  3 deep elf annihilators
  A spark wasp (Spider:1)
  4 dire elephants
  A bunyip (Swamp:4)
  A minotaur (Gauntlet)
  3 crystal guardians (Elf:3)
  3 deep elf death magi (Elf:3)
  4 yaktaur captains
  An ettin (Vaults:4)
  A fire dragon (Depths:1)
  4 deep elf high priests
  An ice dragon (Depths:1)
  Josephine (Spider:1)
  22 hydras
  A rakshasa (D:15)
  2 great orbs of eyes (Vaults:3)
  A hell beast (Depths:1)
  A peacekeeper (Vaults:3)
  5 boulder beetles
  7 vault guards
  2 ghost crabs
  7 ironbound frosthearts
  3 jorogumos
  6 centaur warriors
  3 ogre magi
  13 two-headed ogres
  2 death yaks (D:10)
  A catoblepas (D:9)
  5 alligators
  The ghost of TheGhostDragon952 the Cleaver, a novice MiBe of Trog (D:8)
  2 radroaches
  22 dancing weapons
  2 deep troll earth magi (Depths:1)
  An orc high priest (Orc:2)
  3 hell hogs (Depths:1)
  A tengu warrior (D:15)
  4 hell knights
  9 deep elf knights
  2 sun demons (Depths:1)
  Sonja (Lair:3)
  A soul eater (Depths:1)
  A fire crab (shapeshifter) (Elf:3)
  2 iron trolls (Depths:1)
  2 pharaoh ants
  17 deep trolls
  4 goliath frogs
  4 steelbarb worms
  2 glowing orange brains
  A spriggan druid (Swamp:3)
  7 orb spiders
  4 swamp dragons
  18 ironbound convokers
  6 lindwurms
  An obsidian statue (D:14)
  2 phantasmal warriors (Vaults:4)
  8 bog bodies
  3 deep elf archers
  3 wizards
  2 necromancers (Vaults:3)
  11 wolf spiders
  2 orc sorcerers
  3 will-o-the-wisps
  16 deep elf zephyrmancers
  An oklob plant (Lair:4)
  22 ugly things
  22 deep elf pyromancers
  A shadow dragon skeleton (Vaults:3)
  2 manticores
  10 cyclopes
  A human zombie (Vaults:3)
  4 moths of wrath
  7 elephants
  The ghost of RatsInWalls the Cleaver, a novice HOMo (D:5)
  A water nymph (shapeshifter) (Vaults:3)
  7 black mambas
  6 vault sentinels
  A gargoyle (D:11)
  A smoke demon (Depths:1)
  4 cane toads
  A hellion (Depths:1)
  A rime drake (Lair:4)
  A torpor snail (Spider:4)
  9 yaktaurs
  An unseen horror (D:10)
  6 komodo dragons
  5 demonic crawlers
  2 kobold demonologists (D:10)
  A tengu conjurer (D:15)
  A freezing wraith (D:13)
  4 polar bears
  A yaktaur skeleton (Vaults:3)
  9 trolls
  A queen bee (Spider:2)
  6 meliai
  A bloated husk (Swamp:2)
  7 hornets
  8 tyrant leeches
  23 tarantellas
  24 slime creatures
  7 dream sheep (Lair:3)
  Grinder (D:5)
  4 raiju
  13 blink frogs
  9 jumping spiders
  10 spriggans
  2 shadows
  15 culicivoras
  3 air elementals
  A ynoxinul (Gauntlet)
  A flying skull (Vaults:2)
  8 wraiths
  A vampire (D:12)
  3 wyverns
  3 fire elementals
  4 hogs (Spider:3)
  A knight (Vaults:3)
  3 water elementals
  4 fire bats (Gauntlet)
  20 yaks
  Eustachio (D:5)
  28 redbacks
  A steam dragon (Gauntlet)
  7 vampire mosquitoes
  4 basilisks
  Menkaure (D:4)
  9 wargs
  12 swamp worms
  8 water moccasins
  Edmund (D:4)
  2 acid dragons
  10 hell hounds (Lair:5)
  An ice beast (D:6)
  23 orc warriors
  11 black bears
  16 ogres
  2 sky beasts
  12 wolves
  5 centaurs
  A phantom (D:5)
  4 kobold brigands
  8 bullfrogs
  An earth elemental (Elf:1)
  Blork the orc (D:4)
  4 necrophages
  A gnoll sergeant (D:8)
  A scorpion (D:4)
  A wight (D:9)
  17 killer bees
  2 howler monkeys
  4 electric eels
  20 orc priests
  6 hounds
  A gnoll bouda (D:8)
  3 jellies
  3 iron imps (Gauntlet)
  Jessica (D:3)
  5 iguanas
  21 orc wizards
  Robin (D:3)
  8 adders
  8 gnolls (D:8)
  A shadow imp (D:7)
  4 white imps
  2 ufetubi
  2 worms
  A dart slug (D:3)
  76 orcs
  4 endoplasms
  5 giant cockroaches
  8 hobgoblins
  3 jackals
  7 quokkas
  9 ball pythons
  2 bats
  3 frilled lizards
  15 goblins
  20 kobolds
  7 rats
  A bush (D:5)
1114 creatures vanquished.

Vanquished Creatures (collateral kills)
  Jorgrun (Orc:2)
  A deep elf master archer (Elf:3)
  Mlioglotl (Spider:4)
  A tengu reaver (Vaults:3)
  2 thorn hunters
  A sphinx (Vaults:3)
  Kirke (Spider:3)
  A storm dragon (Vaults:3)
  A frost giant (Vaults:3)
  4 deep elf sorcerers (Elf:3)
  6 vault wardens
  An emperor scorpion (Spider:4)
  Aizul (Vaults:4)
  A ghost moth (Spider:4)
  2 deep elf elementalists (Elf:3)
  A ghoul (Swamp:4)
  9 ironbound preservers
  3 stone giants
  A very ugly thing (Vaults:2)
  An ironbound thunderhulk (Vaults:1)
  A vampire knight (Depths:1)
  An eleionoma (Swamp:4)
  4 entropy weavers
  2 deep elf demonologists (Elf:3)
  3 dire elephants
  5 deep elf annihilators (Elf:3)
  Snorg (D:13)
  3 deep elf death magi
  An ettin (shapeshifter) (D:15)
  A shambling mangrove (Swamp:4)
  A crystal guardian (Elf:3)
  3 ettins
  2 great orbs of eyes
  4 yaktaur captains
  4 deep elf high priests (Elf:3)
  4 vault guards
  A boulder beetle (D:14)
  2 ghost crabs (Swamp:1)
  7 hydras
  4 ironbound frosthearts
  An ogre mage (Orc:2)
  2 radroaches (Spider:4)
  An alligator (Swamp:4)
  4 centaur warriors
  10 dancing weapons
  3 two-headed ogres
  A death yak (D:10)
  3 deep elf knights
  The ghost of Cheops the Carver, a novice DsGl of Makhleb (D:9)
  2 fire crabs
  2 pharaoh ants
  A skeletal warrior (Vaults:2)
  2 deep trolls
  3 spriggan druids
  2 steelbarb worms (Spider:4)
  An orb spider (Spider:2)
  A wizard (Vaults:2)
  7 swamp dragons
  2 bog bodies
  3 necromancers (Vaults:3)
  An orc knight (D:15)
  2 lindwurms (Vaults:1)
  10 deep elf pyromancers
  10 deep elf zephyrmancers
  4 deep elf archers
  6 ironbound convokers
  An orc sorcerer (Orc:2)
  3 cyclopes
  5 ugly things
  12 slime creatures
  A manticore (D:14)
  6 wolf spiders
  4 elephants (Lair:5)
  6 vault sentinels
  2 cane toads
  4 komodo dragons
  A demonic crawler (Spider:2)
  4 unseen horrors
  An elf zombie (Vaults:3)
  2 yaktaurs (Vaults:2)
  A tengu conjurer (Depths:1)
  6 polar bears (Lair:5)
  A freezing wraith (Vaults:2)
  A troll (shapeshifter) (Elf:2)
  3 tarantellas
  5 trolls
  6 hornets
  5 blink frogs
  A tyrant leech (Swamp:2)
  An air elemental (Elf:3)
  3 jumping spiders
  A water elemental (Elf:3)
  A wyvern (D:7)
  A vampire (D:12)
  A spriggan (Swamp:1)
  4 culicivoras
  A wraith (D:11)
  12 yaks
  A basilisk (shapeshifter) (D:13)
  A hog (Spider:3)
  10 redbacks
  6 vampire mosquitoes
  A warg (Orc:1)
  4 swamp worms
  4 water moccasins
  2 acid dragons
  4 hell hounds (Lair:5)
  14 orc warriors
  2 swamp drakes (Swamp:4)
  2 black bears (Lair:5)
  6 ogres
  9 wolves
  A knight (D:14)
  3 centaurs
  2 gnoll sergeants (D:8)
  A bullfrog (Lair:3)
  An earth elemental (Elf:3)
  A necrophage (Swamp:4)
  11 killer bees
  A hound (D:4)
  3 orc priests
  A gnoll bouda (D:9)
  An iguana (D:6)
  5 orc wizards
  2 white imps
  22 orcs
  A goblin (D:6)
  A hobgoblin (D:6)
  A jackal (D:5)
  A ball python (D:4)
  3 kobolds
413 creatures vanquished.

Vanquished Creatures (others)
  A fire giant (Depths:1)
  An angel (D:4)
  2 yaktaur captains
  2 deep elf knights (Elf:1)
  A deep elf archer (Elf:2)
  2 vault sentinels
  4 yaktaurs
  A water elemental (Elf:3)
  14 knights
  14 demonic plants (Gauntlet)
  2 foxfires (Swamp:2)
  19 fungi
  84 plants
  2 withered plants (D:5)
149 creatures vanquished.

Grand Total: 1676 creatures vanquished

Notes
Turn   | Place    | Note
-------+----------+-------------------------------------------
     0 | D:1      | mortz the Kobold Earth Elementalist began the quest for the
                  | Orb.
     0 | D:1      | Reached XP level 1. HP: 10/10 MP: 3/3
   313 | D:1      | Reached XP level 2. HP: 15/15 MP: 1/5
   898 | D:1      | Reached XP level 3. HP: 19/19 MP: 0/6
  1254 | D:2      | Identified the +1 pair of gloves of Wiyzawk {*Slow rElec
                  | Int+4}
  1264 | D:2      | Learned a level 2 spell: Passwall
  1535 | D:2      | Reached XP level 4. HP: 24/24 MP: 8/8
  1828 | D:3      | Found a faded altar of an unknown god.
  2193 | D:3      | Reached XP level 5. HP: 24/28 MP: 7/9
  2367 | D:3      | Noticed Robin
  2370 | D:3      | Reached skill level 5 in Stealth
  2373 | D:3      | Killed Robin
  2481 | D:3      | Reached skill level 1 in Short Blades
  2795 | D:3      | Noticed Jessica
  2797 | D:3      | Killed Jessica
  2877 | D:3      | Reached XP level 6. HP: 32/32 MP: 9/11
  3074 | D:4      | Noticed an ogre
  3075 | D:4      | Killed an ogre
  3208 | D:4      | Found a staircase to the Ecumenical Temple.
  3214 | Temple   | Entered the Ecumenical Temple
  3269 | Temple   | Became a worshipper of Hepliaklqana the Forgotten
  3379 | D:4      | Killed an angel
  3397 | D:4      | You fall into a shaft and drop 3 floors!
  3519 | D:5      | Entered Level 5 of the Dungeon
  3692 | D:5      | Found a white marble altar of Elyvilon.
  3746 | D:5      | Found a runed translucent door.
  3747 | D:5      | Noticed RatsInWalls's ghost (novice HOMo)
  3899 | D:5      | Learned a level 3 spell: Stone Arrow
  3984 | D:4      | Reached XP level 7. HP: 30/36 MP: 10/13
  4096 | D:4      | Reached * piety under Hepliaklqana
  4122 | D:4      | Found a hide-covered altar of Uskayaw.
  4160 | D:4      | Noticed Blork the orc
  4164 | D:4      | Killed Blork the orc
  4165 | D:4      | Reached skill level 5 in Spellcasting
  4165 | D:4      | Reached skill level 5 in Earth Magic
  4304 | D:4      | Reached skill level 1 in Fighting
  4419 | D:4      | Found a shimmering altar of Xom.
  4461 | D:4      | Reached XP level 8. HP: 38/38 MP: 13/16
  4479 | D:4      | Found a glowing silver altar of Zin.
  4522 | D:4      | Noticed Edmund
  4531 | D:4      | Killed Edmund
  4631 | D:4      | Noticed Menkaure
  4636 | D:4      | Killed Menkaure
  5187 | D:5      | Noticed Eustachio
  5195 | D:5      | Killed Eustachio
  5343 | D:5      | Found an ornate altar of the Wu Jian Council.
  5353 | D:5      | Reached ** piety under Hepliaklqana
  5354 | D:5      | Remembered your ancestor glurtz as a knight
  5473 | D:5      | Reached XP level 9. HP: 36/42 MP: 17/19
  5807 | D:5      | Noticed Grinder
  5813 | D:5      | Killed Grinder
  6069 | D:6      | Found Akhoell's Magic Scroll Emporium.
  6074 | D:6      | Bought a scroll of enchant armour for 90 gold pieces
  6264 | D:6      | Reached skill level 1 in Conjurations
  6418 | D:6      | Found a shimmering blue altar of Sif Muna.
  6891 | D:6      | Found a bloodstained altar of Trog.
  7249 | D:7      | Reached XP level 10. HP: 46/46 MP: 22/22
  8010 | D:8      | Noticed a two-headed ogre
  8206 | D:8      | Reached *** piety under Hepliaklqana
  8255 | D:8      | Learned a level 4 spell: Iskenderun's Mystic Blast
  8259 | D:8      | Learned a level 3 spell: Mephitic Cloud
  8340 | D:8      | Found a glowing golden altar of the Shining One.
  8342 | D:8      | Reached skill level 1 in Translocations
  8444 | D:8      | Identified the +10 falchion of Frustration {spect, Str+6
                  | Int+4}
  8457 | D:8      | Killed a two-headed ogre
  8602 | D:8      | Found a transporter.
  8607 | D:8      | Found a transporter.
  8638 | D:8      | Identified the +1 ring mail of Jicw {rN+ Dex+3 SInv}
  8907 | D:9      | Reached skill level 1 in Air Magic
  8907 | D:9      | Reached skill level 1 in Poison Magic
  9084 | D:9      | Noticed a manticore
  9097 | D:9      | Noticed a catoblepas
  9177 | D:9      | Noticed a two-headed ogre
  9185 | D:9      | Killed a two-headed ogre
  9186 | D:9      | Reached skill level 1 in Long Blades
  9186 | D:9      | Reached skill level 10 in Spellcasting
  9186 | D:9      | Reached XP level 11. HP: 9/50 MP: 25/25
  9551 | D:9      | HP: 1/50 [warg (14)]
  9557 | D:9      | Reached skill level 5 in Conjurations
  9827 | D:9      | Found a transporter.
  9844 | D:9      | Found a transporter.
  9906 | D:9      | Found a staircase to the Orcish Mines.
 10008 | D:9      | Found a radiant altar of Vehumet.
 10032 | D:9      | Found a sacrificial altar of Ru.
 10496 | D:10     | Entered Level 10 of the Dungeon
 10580 | D:10     | Noticed a death yak
 10580 | D:10     | Noticed a death yak
 10588 | D:10     | Killed a death yak
 10603 | D:10     | Noticed a death yak
 10608 | D:10     | Killed a death yak
 10761 | D:10     | Killed a death yak
 10873 | D:10     | Found a staircase to the Lair.
 11123 | D:10     | Reached **** piety under Hepliaklqana
 11293 | D:10     | Noticed a two-headed ogre
 11297 | D:10     | Killed a two-headed ogre
 11338 | D:10     | Reached skill level 10 in Earth Magic
 11338 | D:10     | Reached XP level 12. HP: 41/54 MP: 18/26
 12213 | D:11     | Found Paept's Weapon Emporium.
 12250 | Lair:1   | Entered Level 1 of the Lair of Beasts
 12643 | Lair:1   | Noticed a five-headed hydra
 12646 | Lair:1   | Killed a five-headed hydra
 12730 | Lair:1   | Reached skill level 1 in Armour
 13242 | Lair:1   | Reached ***** piety under Hepliaklqana
 13837 | Lair:2   | Found a gate leading to a gauntlet.
 13843 | Gauntlet | Entered a Gauntlet
 13849 | Gauntlet | Found a transporter.
 13859 | Gauntlet | Noticed a fire crab
 13875 | Gauntlet | Found a transporter.
 13901 | Gauntlet | Found a transporter.
 13915 | Gauntlet | Found a transporter.
 13925 | Gauntlet | Noticed a blizzard demon
 13940 | Gauntlet | Found a transporter.
 13957 | Gauntlet | Found a transporter.
 13975 | Gauntlet | Found a transporter.
 13975 | Gauntlet | Found a transporter.
 13989 | Gauntlet | Found a transporter.
 13990 | Gauntlet | Noticed a blizzard demon
 14025 | Gauntlet | Found a transporter.
 14089 | Gauntlet | Found a transporter.
 14123 | Gauntlet | Found a transporter.
 14306 | Gauntlet | Killed a fire crab
 14603 | Gauntlet | Got the Tractate on Incandescent Transformation
 14622 | Gauntlet | Reached skill level 5 in Translocations
 14823 | Gauntlet | Noticed a minotaur
 14840 | Gauntlet | Killed a minotaur
 14894 | Gauntlet | Found the +8 lance "Wyrmbane" {slay drac, rPois rF+ rC+
                  | AC+3}
 15140 | Lair:2   | Reached XP level 13. HP: 42/58 MP: 27/28
 15370 | Lair:2   | Reached skill level 1 in Polearms
 15522 | Lair:2   | Found a runed translucent gate.
 15523 | Lair:2   | Found a runed translucent gate.
 15523 | Lair:2   | Noticed Onwiepis's ghost (journeyman DsIE)
 15523 | Lair:2   | Noticed a ten-headed hydra
 15524 | Lair:2   | Found a runed translucent gate.
 15524 | Lair:2   | Noticed an 11-headed hydra
 16134 | Lair:2   | Killed Onwiepis's ghost
 16144 | Lair:2   | Identified the +2 scale mail of Beqod {rF+}
 16167 | Lair:2   | Killed an 11-headed hydra
 16300 | Lair:2   | Killed a ten-headed hydra
 16384 | Lair:3   | You fall into a shaft and drop 1 floor!
 17315 | Lair:3   | Found a staircase to the Swamp.
 17321 | Lair:3   | Noticed Sonja
 17323 | Lair:3   | Killed Sonja
 17996 | Lair:3   | Found a hole to the Spider Nest.
 18152 | Spider:1 | Entered Level 1 of the Spider Nest
 18653 | Lair:4   | Reached XP level 14. HP: 63/63 MP: 24/30
 19429 | Lair:5   | Entered Level 5 of the Lair of Beasts
 19472 | Lair:5   | Noticed Rupert
 20339 | Lair:5   | Reached skill level 5 in Polearms
 20526 | Lair:5   | Identified the +2 falchion of Poverty {speed, rF+ Int-2
                  | Dex+5}
 20536 | Lair:5   | Reached skill level 1 in Shields
 21269 | Lair:5   | Reached skill level 5 in Dodging
 21677 | Lair:5   | Identified the +2 robe of Demonic Music {rN+}
 21720 | Lair:5   | Found a viscous altar of Jiyva.
 21721 | Lair:5   | Found a staircase to the Slime Pits.
 22072 | Lair:5   | Paralysed by Rupert for 3 turns
 22078 | Lair:5   | Killed Rupert
 22501 | D:5      | Killed RatsInWalls's ghost
 22738 | D:8      | Identified the amulet "Ludiberch" {Faith rElec Regen+}
 22741 | D:8      | Noticed TheGhostDragon952's ghost (novice MiBe)
 22745 | D:8      | Killed TheGhostDragon952's ghost
 23088 | D:9      | Noticed Cheops's ghost (novice DsGl)
 23162 | D:9      | Killed Cheops's ghost
 23163 | D:9      | Reached skill level 10 in Conjurations
 23163 | D:9      | Reached XP level 15. HP: 51/68 MP: 9/32
 23513 | D:11     | Reached ****** piety under Hepliaklqana
 23935 | D:11     | Found Bulacun's Armour Shop.
 24086 | D:11     | Identified the +6 short sword "Rizxipej" {freeze, *Corrode
                  | Fly rElec rN+}
 24263 | D:11     | Found Nacazur's Magic Scroll Emporium.
 24268 | D:11     | Bought a scroll of enchant armour for 105 gold pieces
 24614 | Orc:1    | Entered Level 1 of the Orcish Mines
 24799 | Orc:2    | Entered Level 2 of the Orcish Mines
 25196 | Orc:2    | Noticed Jorgrun
 25782 | Orc:2    | Paralysed by an orc sorcerer for 5 turns
 26247 | Orc:2    | Killed Jorgrun
 26315 | Orc:2    | Found Zyben's Armour Shop.
 26542 | Orc:2    | Found a staircase to the Elven Halls.
 26811 | Orc:2    | Found Ytoelag's Antique Armour Shoppe.
 26822 | Orc:2    | Found Suim's General Store.
 26823 | Orc:2    | Found Ekustru's Jewellery Boutique.
 26904 | Orc:2    | Upgraded the game from 0.29.1-1-gd02db6906a to
                  | 0.29.1-2-gbd0b4ee654
 28855 | D:13     | Reached XP level 16. HP: 74/74 MP: 32/33
 29091 | D:13     | Noticed Snorg
 29096 | D:13     | Killed Snorg
 29292 | D:13     | Noticed Frances
 29310 | D:13     | Killed Frances
 31091 | D:14     | Found a flickering gateway to a bazaar.
 31097 | Bazaar   | Entered a bazaar
 31114 | Bazaar   | Found Efefuado's Antique Weapon Emporium.
 31128 | Bazaar   | Found Riss's Book Emporium.
 31158 | Bazaar   | Found Jeymy's Magic Scroll Shoppe.
 31165 | Bazaar   | Bought a scroll of amnesia for 24 gold pieces
 31165 | Bazaar   | Bought a scroll of acquirement for 312 gold pieces
 31176 | Bazaar   | Found Antuw's Antique Weapon Shoppe.
 31202 | D:14     | Acquired the +3 pair of seven-league boots {Rampage+∞}
 31202 | D:14     | Found the +3 pair of seven-league boots {Rampage+∞}
 31648 | D:14     | Found a gate to the Vaults.
 31698 | D:14     | Found a runed translucent door.
 31713 | D:14     | Found a runed translucent door.
 31727 | D:14     | Found a runed translucent door.
 31741 | D:14     | Found a runed translucent door.
 31974 | D:14     | Found an opulent altar of Gozag.
 32220 | D:15     | Entered Level 15 of the Dungeon
 32333 | D:14     | Reached skill level 5 in Air Magic
 32917 | D:15     | Found Onwaotto's Book Boutique.
 32928 | D:15     | Bought a book of the Spheres for 972 gold pieces
 32934 | D:15     | Learned a level 5 spell: Iskenderun's Battlesphere
 33639 | D:15     | Found a staircase to the Depths.
 33988 | D:15     | Reached XP level 17. HP: 69/78 MP: 35/35
 34294 | D:15     | Found a staircase to the Depths.
 34354 | D:15     | Found Onwaotto's Book Boutique.
 34744 | Swamp:1  | Entered Level 1 of the Swamp
 35311 | Swamp:1  | Noticed Donald
 35322 | Swamp:1  | Killed Donald
 35921 | Swamp:2  | Noticed a thorn hunter
 36239 | Swamp:2  | Reached skill level 5 in Armour
 36646 | Swamp:2  | Killed a thorn hunter
 37692 | Swamp:3  | Reached skill level 15 in Spellcasting
 38519 | Swamp:3  | Identified the +8 falchion of the Wasteland {antimagic,
                  | Dex+2}
 38972 | Swamp:4  | Entered Level 4 of the Swamp
 39044 | Swamp:4  | Reached skill level 5 in Shields
 39455 | Swamp:4  | Reached XP level 18. HP: 77/82 MP: 37/37
 40390 | Swamp:4  | Noticed a tentacled monstrosity
 40396 | Swamp:4  | Killed a tentacled monstrosity
 40932 | Swamp:4  | Reached skill level 15 in Earth Magic
 41216 | Swamp:4  | Got a decaying rune of Zot
 41499 | Spider:1 | Noticed Josephine
 41502 | Spider:1 | Killed Josephine
 41638 | Spider:1 | Found a runed translucent gate.
 41638 | Spider:1 | Found a runed translucent gate.
 41639 | Spider:1 | Found a runed translucent gate.
 43304 | Spider:2 | Reached skill level 10 in Stealth
 44960 | Spider:3 | Noticed Kirke
 44965 | Spider:3 | Killed Kirke
 45143 | Spider:3 | Noticed Louise
 45152 | Spider:3 | Killed Louise
 45571 | Spider:3 | Reached skill level 10 in Polearms
 46661 | Spider:4 | Entered Level 4 of the Spider Nest
 46864 | Spider:4 | Reached XP level 19. HP: 86/86 MP: 38/38
 47110 | Spider:4 | Noticed Mlioglotl
 47116 | Spider:4 | Killed Mlioglotl
 50023 | Spider:4 | Got a gossamer rune of Zot
 50776 | Vaults:1 | Entered Level 1 of the Vaults
 50888 | Vaults:1 | Found Nyroegroith's Magic Scroll Boutique.
 50893 | Vaults:1 | Bought a scroll of blinking for 112 gold pieces
 50893 | Vaults:1 | Bought a scroll of teleportation for 45 gold pieces
 51635 | Vaults:1 | Learned a level 4 spell: Hailstorm
 51641 | Vaults:1 | Learned a level 5 spell: Fireball
 52081 | Vaults:1 | Reached skill level 1 in Fire Magic
 53264 | Vaults:2 | Reached XP level 20. HP: 90/90 MP: 35/40
 53277 | Vaults:2 | Reached skill level 15 in Conjurations
 53514 | Vaults:2 | Found a staircase to the Crypt.
 54540 | Vaults:2 | Identified the +6 shortbow of Intimidation {freeze, Str+4
                  | Dex+5}
 56039 | Vaults:3 | Found Reashir's Armour Emporium.
 56053 | Vaults:3 | Bought the +1 chain mail of Dishonesty {rElec rF+ rC+} for
                  | 562 gold pieces
 57475 | Vaults:3 | Identified the +9 trident of Evisceration {venom, rF+
                  | Str+3}
 57969 | Vaults:3 | Noticed Asterion
 57976 | Vaults:3 | Killed Asterion
 57990 | Vaults:3 | Reached XP level 21. HP: 95/95 MP: 10/42
 57994 | Vaults:3 | Learned a level 3 spell: Swiftness
 58002 | Vaults:3 | Learned a level 7 spell: Orb of Destruction
 59513 | Vaults:3 | Noticed Margery
 59519 | Vaults:3 | Killed Margery
 60461 | Elf:1    | Entered Level 1 of the Elven Halls
 60785 | Elf:1    | Reached skill level 5 in Fire Magic
 61179 | Elf:1    | Found Ophau's Armour Shop.
 62500 | Elf:1    | Found Ophau's Armour Shop.
 62866 | Elf:2    | Found Hopryom's Antique Weapon Shoppe.
 62867 | Elf:2    | Paralysed by an air elemental for 1 turns
 63281 | Elf:2    | Found a runed translucent gate.
 63282 | Elf:2    | Found a runed translucent gate.
 63283 | Elf:2    | Found a runed translucent gate.
 63284 | Elf:2    | Noticed lotum's ghost (adept DsCA)
 63631 | Elf:2    | Found a large runed translucent door.
 63631 | Elf:2    | Found a large runed translucent door.
 63653 | Elf:2    | Found a large runed translucent door.
 63653 | Elf:2    | Found a large runed translucent door.
 64679 | Elf:2    | Reached XP level 22. HP: 99/99 MP: 39/43
 65232 | Elf:3    | Entered Level 3 of the Elven Halls
 65506 | Elf:3    | Paralysed by an air elemental for 1 turns
 65595 | Elf:3    | Noticed Bai Suzhen
 65611 | Elf:3    | Killed Bai Suzhen
 65769 | Elf:3    | Found Kaeniyh's Book Shop.
 65773 | Elf:3    | Bought the Unrestrained Analects for 528 gold pieces
 65874 | Elf:3    | Reached skill level 5 in Poison Magic
 65913 | Elf:3    | Found a huge runed gate.
 65913 | Elf:3    | Found a huge runed gate.
 65913 | Elf:3    | Found a huge runed gate.
 65913 | Elf:3    | Found a huge runed gate.
 65913 | Elf:3    | Found a huge runed gate.
 65913 | Elf:3    | Found a huge runed gate.
 65913 | Elf:3    | Found a huge runed gate.
 65914 | Elf:3    | Found a huge runed gate.
 65914 | Elf:3    | Found a huge runed gate.
 65919 | Elf:3    | Found a huge runed gate.
 65919 | Elf:3    | Found a huge runed gate.
 65919 | Elf:3    | Found a huge runed gate.
 65920 | Elf:3    | Found a huge runed gate.
 65921 | Elf:3    | Found a huge runed gate.
 65922 | Elf:3    | Found a huge runed gate.
 65953 | Elf:3    | Found a huge runed gate.
 65954 | Elf:3    | Found a huge runed gate.
 65955 | Elf:3    | Found a huge runed gate.
 65960 | Elf:3    | Found a huge runed gate.
 65960 | Elf:3    | Found a huge runed gate.
 65960 | Elf:3    | Found a huge runed gate.
 65960 | Elf:3    | Found a huge runed gate.
 65961 | Elf:3    | Found a huge runed gate.
 65963 | Elf:3    | Found a huge runed gate.
 65964 | Elf:3    | Found a huge runed gate.
 65965 | Elf:3    | Found a huge runed gate.
 65967 | Elf:3    | Found a huge runed gate.
 65972 | Elf:3    | Found a huge runed gate.
 65972 | Elf:3    | Found a huge runed gate.
 65972 | Elf:3    | Found a huge runed gate.
 65973 | Elf:3    | Found a huge runed gate.
 65974 | Elf:3    | Found a huge runed gate.
 65976 | Elf:3    | Found a huge runed gate.
 65977 | Elf:3    | Found a huge runed gate.
 65978 | Elf:3    | Found a huge runed gate.
 65979 | Elf:3    | Found a huge runed gate.
 66036 | Elf:3    | Acquired 1154 gold pieces
 66372 | Elf:3    | Noticed Nikola
 66378 | Elf:3    | Killed Nikola
 67014 | Elf:3    | Identified the ring "Idepham" {*Slow rC+ EV+4 Dex+4 SInv}
 67815 | Elf:3    | Got Sif Muna's Incunable of the Solid Winter
 68803 | Vaults:4 | Found a transporter.
 68816 | Vaults:4 | Found a transporter.
 68820 | Vaults:4 | Noticed HilariousDeathArtist's ghost (adept CeWn)
 68946 | Vaults:4 | Reached XP level 23. HP: 103/103 MP: 0/45
 69552 | Vaults:4 | Noticed Mara
 69568 | Vaults:4 | Killed Mara
 69692 | Vaults:4 | Noticed Aizul
 69697 | Vaults:4 | Killed Aizul
 69737 | Vaults:4 | Noticed Saint Roka
 69915 | Vaults:4 | Killed Saint Roka
 70062 | Vaults:4 | Found Utuygor's Jewellery Shop.
 70895 | Vaults:4 | Found Ireuffe's Jewellery Shop.
 71708 | Vaults:4 | Found a portal to a secret trove of treasure.
 71815 | Vaults:4 | Identified the +7 scimitar "Xom's Flight of Fancy" {freeze,
                  | rN++}
 71954 | Depths:1 | Entered Level 1 of the Depths
 72114 | Depths:1 | Found a runed translucent gate.
 72675 | Depths:1 | Found a runed translucent gate.
 72675 | Depths:1 | Found a runed translucent gate.
 73015 | Depths:1 | Found Ceqot's Fire Supplies.
 73167 | Depths:1 | Found an opulent altar of Gozag.
 73175 | Depths:1 | Noticed Icepheonix32's ghost (adept MiFi)
 73190 | Depths:1 | HP: 5/103 [frost giant/bolt of cold (14)]
 73206 | Depths:1 | Killed from afar by a frost giant

Illustrated notes

Levels and vault maps discovered:
D:1:      dpeg_arrival_long_road, layout_loops_cross
D:2:      layout_basic, minmay_misc_feat_diagonals
D:3:      layout_rooms, nicolae_ecumenical_oubliette, kennysheep_generic_room_8,
          uniq_robin, uniq_jessica
D:4:      layout_basic, mainiacjoe_overflow_boulevard,
          grunt_temple_overflow_order_and_chaos_1, minmay_temple_entry_wispy,
          uniq_blork_the_orc, uniq_edmund, uniq_menkaure
D:5:      layout_gridville, mainiacjoe_overflow_small_starburst,
          old_standard_altar, gammafunk_ghost_grave, kb_lookout_dungeons_type,
          uniq_eustachio, uniq_grinder
D:6:      layout_loops_ring, trog_hazing_becter,
          nicolae_sif_muna_little_library, serial_shops,
          nicolae_shop_hallway_plus, grunt_decor_resistance,
          minmay_joined_circles
D:7:      layout_basic
D:8:      layout_cave_pools, overflow_temple_1_default,
          gammafunk_ghost_gnarly_gnolls, minmay_misc_feat_rows
D:9:      layout_basic, jmf_multi_god_temple, david_orc_1_choice,
          nzn_ghost_randoct, glass_columns_a
D:10:     nicolae_cairo_tiling_large_dashed, layout_stronghold,
          dpeg_lair_monsters
D:11:     layout_basic, serial_shops, nicolae_shop_advertising_works
          [nicolae_subvault_shop_adworks], nicolae_stop_n_shop_1,
          nicolae_diamond_shop
D:12:     layout_cave_pools
D:13:     layout_basic, serial_curves, eino_curves_01, eino_curves_04,
          minmay_hollow_rounded_squares, uniq_frances, uniq_snorg
D:14:     layout_roguey, skrybe_vaults_entry_preservation, serial_shops,
          bzr_entry_water, grunt_gozag_breadcrumbs, minmay_statue_crystal_thing
D:15:     gammafunk_enter_depths_forms, layout_gridville,
          minmay_shop_grid_forest
Temple:   nicolae_temple_ecumenical_triangle
Lair:1:   layout_cellular_growth, grunt_forest_small_clearings,
          chequers_serial_rivers_micro_e
Lair:2:   layout_long_grid, gauntlet_entry_generic, gammafunk_ghost_hydra_chop
Lair:3:   layout_cave_pods, skrybe_swamp_entry_bodies, dummy_spider_entry,
          grunt_megastairs_2, uniq_sonja
Lair:4:   layout_gridlike, lemuel_another_geyser
Lair:5:   hangedman_lair_caniforms_friends, layout_gridlike,
          dpeg_slime_entry_corner, uniq_rupert
Swamp:1:  layout_basic_swamp, evilmike_swamp_ruin_rubble_1, uniq_donald
Swamp:2:  layout_basic_swamp, hangedman_swamp_ruin_hall,
          nicolae_swamp_dense_foliage
Swamp:3:  layout_basic_swamp, nicolae_swamp_treefoil
Swamp:4:  swamp_alternative, layout_basic_swamp, swamp_pool3
Spider:1: layout_chambers, gammafunk_ghost_necromancy, uniq_josephine
Spider:2: layout_spider_delve, nicolae_looking_at_the_future
Spider:3: layout_spider_delve, uniq_kirke, uniq_louise
Spider:4: grunt_spider_rune_circles, hangedman_spider_tarantella_strand,
          uniq_mlioglotl
Orc:1:    layout_caves
Orc:2:    st_orc_open, layout_caves, basic_altar, uniq_jorgrun
Elf:1:    elf_arrival_002, layout_loops_cross, serial_shops, nicolae_shop_trees,
          hangedman_elf_represent, small_chamber_with_monster, minivault_26
Elf:2:    elven_hall_of_blades_hangedman_alternative
          [nicolae_blade_entry_splitting_headache], layout_loops_cross,
          gammafunk_ghost_fury_of_okawaru, serial_shops, shop
Elf:3:    minmay_elf_hall_golems, layout_geoelf_octagon, door_vault,
          minmay_shop_star, uniq_bai_suzhen, uniq_nikola
Vaults:1: v_misc_26, nicolae_vaults_little_squares_2, vaults_room_grid,
          nicolae_vaults_little_squares_5, dpeg_vaults_monster_box,
          grunt_vaults_trifunnel, v_misc_19, ontoclasm_vaults_decontamination,
          hangedman_vaults_restitches, layout_vaults_omnigrid, serial_shops,
          shop
Vaults:2: infiniplex_enter_wizlab_water, minmay_crypt_entry_simple_round,
          v_misc_26, nicolae_vaults_bisected_exclaves, v_misc_23,
          hangedman_vaults_nails, v_misc_28, nicolae_vaults_hallways_thing,
          hangedman_vaults_maws, nicolae_vaults_theta, nicolae_vaults_little_ls,
          nicolae_vaults_alarming, hangedman_vaults_impose, layout_vaults_ring
Vaults:3: hangedman_vaults_stitches, grunt_vaults_twisty,
          nicolae_vaults_network_star, hangedman_vaults_snaps,
          vaults_dpeg_emergency_exit, vaults_room_stairs_pillars,
          ontoclasm_vaults_idyll, ontoclasm_vaults_chip,
          dpeg_vaults_pockets_of_resistance, grunt_vaults_funnel,
          nicolae_vaults_angled_halls, vaults_dpeg_ring,
          layout_vaults_omnicross, serial_shops, nicolae_shop_behind_doors,
          uniq_margery, uniq_asterion
Vaults:4: gammafunk_ghost_wrathful_warriors, vaults_room_mumra_shop_pool,
          vaults_room_door_hall, nicolae_vaults_network_periphery,
          st_octagons_1, ontoclasm_vaults_chip,
          vaults_mumra_minichess_inversion, vaults_room_stairs_pillars,
          vaults_room_semicircle, layout_vaults_big_room, enter_trove_6,
          serial_shops, shop, uniq_mara, uniq_aizul, uniq_saint_roka
Depths:1: layout_cave_pools, hellmouth_2, chequers_serial_rivers_micro_d,
          ebering_ghost_gozag, nicolae_shop_fire_sale [nicolae_sub_dead_trees],
          minmay_misc_feat_enclosed, kennysheep_generic_room_4

Skill      XL: |  1  2  3  4  5  6  7  8  9 10 11 12 13 14 15 16 17 18 19 20 21 22 23 |
---------------+----------------------------------------------------------------------+-----
Stealth        | 3 4 5 6 7 8 9 10 | 10.1
Short Blades   | 1 2 |  2.0
Spellcasting   | 3 4 5 7 8 10 11 12 13 14 15 16 17 18 19 | 19.0
Earth Magic    | 4 5 6 7 9 10 11 12 13 14 15 16 17 18 | 18.6
Fighting       | 1 2 3 |  3.6
Dodging        | 3 4 5 6 7 |  7.2
Conjurations   | 3 4 6 7 9 10 11 12 13 14 16 17 18 19 | 19.0
Translocations | 2 4 5 7 |  7.6
Air Magic      | 1 3 4 5 |  5.3
Poison Magic   | 1 3 4 6 7 |  7.2
Long Blades    | 1 2 3 |  3.7
Armour         | 1 2 4 5 6 |  6.0
Polearms       | 3 5 7 8 9 10 11 12 | 12.0
Shields        | 1 3 5 6 7 |  7.0
Fire Magic     | 1 3 5 7 8 |  8.3
Transmutations | |  1.2
Evocations     | |  0.8

Action                   |  1- 3 |  4- 6 |  7- 9 | 10-12 | 13-15 | 16-18 | 19-21 | 22-24 || total
-------------------------+-------+-------+-------+-------+-------+-------+-------+-------++-------
Melee: Dagger            |    17 |    37 |     5 |       |       |       |       |       ||    59
       Short sword       |       |       |    43 |     3 |       |       |       |       ||    46
       Punch             |       |       |     2 |       |       |       |       |       ||     2
       Falchion          |       |       |       |    12 |    21 |     5 |     4 |       ||    42
       Lance             |       |       |       |     4 |   106 |    20 |     6 |    33 ||   169
 Cast: Sandblast         |    20 |    59 |    82 |    94 |     7 |     7 |       |     9 ||   278
       Passwall          |       |     1 |       |       |       |       |       |       ||     1
       Stone Arrow       |       |       |     1 |   152 |   494 |   613 |   745 |   398 ||  2403
       Mephitic Cloud    |       |       |       |     1 |     5 |    23 |     6 |    27 ||    62
       Iskenderun's Myst |       |       |       |       |    59 |    37 |    20 |    20 ||   136
       Iskenderun's Batt |       |       |       |       |       |    79 |   188 |    72 ||   339
       Swiftness         |       |       |       |       |       |       |       |     1 ||     1
       Orb of Destructio |       |       |       |       |       |       |       |     1 ||     1
Invok: Ancestor Identity |       |       |     2 |       |       |       |       |       ||     2
       Ancestor Life: Kn |       |       |     1 |       |       |       |       |       ||     1
       Recall Ancestor   |       |       |       |       |     3 |     3 |     3 |     3 ||    12
Evoke: Wand              |       |       |       |       |     1 |     2 |    12 |     1 ||    16
  Use: Scroll            |     5 |     4 |    10 |     8 |    10 |     4 |     6 |    10 ||    57
       Potion            |       |     1 |       |     4 |     5 |       |       |     3 ||    13
 Stab: Sleeping          |    15 |    14 |    14 |     7 |    10 |     4 |       |     1 ||    65
       Distracted        |       |       |       |       |     3 |       |       |       ||     3
Armor: Robe              |     2 |    20 |     6 |     7 |       |       |       |       ||    35
       Acid dragon scale |       |       |       |     6 |       |       |       |       ||     6
       Quicksilver drago |       |       |       |     2 |   200 |     1 |     7 |    31 ||   241
       Troll leather arm |       |       |       |       |       |    74 |    59 |       ||   133
Dodge: Dodged            |     5 |    33 |    13 |    38 |   207 |    88 |    75 |    49 ||   508
Block: Other             |     6 |     7 |     4 |    18 |       |       |       |       ||    35
       Reflection        |       |       |       |     3 |       |       |       |       ||     3
       Buckler           |       |       |       |     6 |    79 |       |       |       ||    85
       Kite shield       |       |       |       |       |       |    81 |    71 |    59 ||   211
